Map: Thunderbird LE

Players

Woah

  • Race: Terran Terran
  • Spawn Location: 11:00

Cptfragile - Winner!

  • Race: Terran Terran
  • League: Platinum
  • Spawn Location: 5:00

VOD

Have the link to the VOD?

Description

Time

  • Played on: June 12, 2019, 7:52 a.m.
  • Length: 15:58
Show
View Real Time Build Order
Export as new Build Order

Woah Terran 

Build Orders:  

Get SALT Encoding   

  12  0:03  SCV  
  13  0:15  SCV  
  13  0:17  Supply Depot  
  14  0:32  SCV  
  15  0:41  Barracks  
  15  0:43  Refinery  
  15  0:45  SCV  
  16  0:58  Barracks  
  16  1:05  SCV  
  17  1:28  Reaper  
  17  1:29  Orbital Command  
  18  1:37  Barracks  
  18  1:44  Refinery  
  18  1:49  Reaper  
  19  1:58  Supply Depot  
  19  2:04  Reaper  
  20  2:11  SCV  
  21  2:24  Supply Depot  
  20  2:45  Reaper x3  
  23  2:54  Engineering Bay  
  23  2:56  SCV  
  24  3:08  SCV  
  24  3:20  SCV, Reaper x3  
  24  3:22  Terran Infantry Weapons Level 1  
  28  3:32  SCV  
  29  3:46  Factory  
  29  3:49  SCV  
  31  4:02  Barracks Tech Lab  
  31  4:08  Barracks Reactor  
  30  4:26  Stimpack  
  30  4:30  Command Center  
  30  4:42  Missile Turret  
  30  4:46  Starport, Factory Tech Lab  
  30  4:51  Missile Turret  
  30  4:52  Marine x2  
  31  4:53  Marine  
  28  5:13  Marine x4  
  30  5:26  Siege Tank  
  33  5:31  Marine  
  35  5:39  Marine x2  
  36  5:47  Orbital Command  
  36  5:48  Marine  
  37  5:58  Terran Infantry Armor Level 1  
  37  6:02  SCV  
  38  6:06  Starport Reactor  
  38  6:21  SCV  
  38  6:23  SCV  
  40  6:26  Marine x3  
  40  6:30  Siege Tank  
  46  6:32  Combat Shield  
  46  6:33  SCV  
  46  6:35  SCV  
  48  6:42  Refinery  
  48  6:43  Refinery  
  48  6:45  Barracks Reactor, Supply Depot  
  48  6:59  SCV  
  49  7:07  Command Center  
  49  7:10  SCV  
  49  7:11  SCV  
  49  7:12  Supply Depot  
  49  7:15  Marine x3  
  54  7:23  Siege Tank  
  42  7:44  Viking  
  42  7:54  Marine  
  42  7:55  Marauder, Marine x3  
  45  8:12  Marine  
  45  8:18  Missile Turret  
  45  8:19  Missile Turret  
  41  8:34  SCV x2  
  42  8:44  Marine x2  
  42  8:45  Marine  
  42  8:46  SCV  
  46  8:49  Siege Tank  
  46  8:51  Viking x2  
  53  9:05  Marine  
  53  9:06  Marine x2  
  56  9:10  Barracks  
  56  9:12  SCV x2  
  58  9:22  Factory  
  58  9:23  Marine  
  59  9:24  SCV  
  60  9:32  Orbital Command  
  60  9:34  Siege Tank  
  60  9:37  Marine  
  60  9:38  Marine  
  65  9:40  Missile Turret  
  65  9:41  Missile Turret, Marine  
  66  9:51  SCV x2  
  68  9:55  Marine  
  68  9:57  Supply Depot  
  69  10:01  Supply Depot  
  69  10:03  SCV x2  
  71  10:08  Factory Tech Lab  
  71  10:14  SCV  
  71  10:15  SCV, Marine x3  
  76  10:25  SCV  
  76  10:26  Barracks Reactor  
  76  10:27  SCV x2  
  79  10:33  Armory, Marine x2  
  81  10:37  SCV  
  81  10:39  SCV x2  
  84  10:46  Marine  
  85  10:51  Barracks  
  85  10:54  Barracks  
  85  10:55  Barracks  
  85  10:56  SCV x2, Barracks  
  85  10:57  SCV  
  80  11:08  SCV  
  77  11:19  Marine  
  77  11:20  Marine x4  
  82  11:37  Marine  
  83  11:40  Barracks Reactor x2  
  83  11:41  Barracks Reactor  
  83  11:48  Command Center, Refinery  
  83  11:49  Refinery  
  83  11:56  Viking x2  
  85  12:04  Supply Depot  
  85  12:05  Supply Depot  
  85  12:06  Supply Depot  
  85  12:09  Siege Tank x2  
  85  12:10  Command Center, Marine x2  
  85  12:11  Barracks Reactor  
  93  12:18  Marine x8  
  101  12:25  Marine  
  101  12:28  Marine  
  103  12:53  Marauder, Marine x12  
  117  13:10  Marine  
  117  13:11  Marine x4  
  117  13:12  Sensor Tower, Marine x6  
  123  13:13  Marine  
  123  13:16  Terran Infantry Weapons Level 2  
  129  13:21  Engineering Bay  
  129  13:24  Viking  
  131  13:29  Siege Tank  
  125  13:48  Marine  
  125  13:49  Marine x12  
  138  14:15  Marine x2  
  140  14:18  Marine  
  140  14:19  Marine  
  140  14:20  Marine  
  140  14:21  Marine  
  140  14:23  Marine  
  140  14:24  Marine  
  140  14:25  Marine x3  
  140  14:26  Marine  
  140  14:27  Marine  
  139  14:33  Marine x2  
  140  14:40  Marine  
  105  14:50  Marine x10  
  105  14:51  Marine x2  
  88  14:58  Marine  
  75  15:07  Marine  
  75  15:08  Marine x8  
  81  15:18  Siege Tank  
  78  15:25  Marine  
  78  15:26  Marine x4  
  78  15:27  Marine x3  
  78  15:28  Marine x4  
Show
View Real Time Build Order
Export as new Build Order

Cptfragile Terran - Winner!

Build Orders:  

Get SALT Encoding   

  12  0:04  SCV  
  13  0:18  SCV, Supply Depot  
  14  0:30  SCV  
  14  0:32  Refinery  
  15  0:42  SCV  
  16  0:46  Barracks  
  16  0:54  SCV  
  17  1:04  Supply Depot  
  17  1:07  SCV  
  18  1:23  SCV  
  19  1:34  Reaper  
  19  1:35  SCV  
  21  1:43  Refinery  
  21  1:50  Orbital Command  
  21  1:57  Factory  
  21  2:08  Barracks  
  21  2:16  Marine  
  21  2:21  SCV  
  23  2:37  Marine  
  24  2:54  Factory Tech Lab  
  24  2:59  Starport  
  24  3:00  SCV, Marine x2  
  26  3:24  Marine x2  
  26  3:26  Siege Tank  
  31  3:34  Command Center  
  31  3:43  Supply Depot  
  31  3:46  Starport Tech Lab  
  31  3:49  Barracks Reactor  
  31  3:51  Barracks Reactor  
  31  4:00  Barracks  
  31  4:06  SCV  
  31  4:08  Engineering Bay  
  31  4:09  Engineering Bay  
  32  4:11  Raven  
  34  4:19  Siege Tank  
  34  4:22  SCV  
  38  4:34  Supply Depot  
  38  4:35  SCV  
  39  4:45  Marine  
  39  4:47  SCV  
  39  5:16  Siege Tank, Marine  
  39  5:17  Marine x3  
  39  5:20  Barracks Tech Lab  
  46  5:22  Terran Infantry Weapons Level 1, Terran Infantry Armor Level 1  
  46  5:31  Barracks  
  46  5:34  Marine x2  
  46  5:35  Marine  
  49  5:37  Barracks  
  49  5:43  SCV, Orbital Command  
  50  5:50  Medivac  
  50  5:54  Marine x3  
  55  6:08  SCV  
  55  6:09  SCV  
  57  6:18  Supply Depot  
  57  6:20  SCV  
  57  6:23  Supply Depot  
  58  6:26  Supply Depot  
  58  6:38  Marine x3  
  61  6:41  Barracks Tech Lab  
  61  6:42  Barracks Reactor  
  61  6:56  Starport Reactor  
  61  6:58  Marauder, Marine x3  
  61  7:00  Stimpack  
  66  7:01  Factory  
  66  7:07  Marauder, Marine  
  69  7:09  SCV x2  
  71  7:16  Marine  
  71  7:21  SCV x2  
  71  7:33  SCV  
  66  8:15  Marauder x2, Marine x2  
  66  8:16  Marine x4  
  71  8:33  Marine  
  69  8:37  Marauder  
  71  8:46  Marauder, Marine x5  
  78  8:51  Marine  
  78  8:52  Armory  
  79  8:56  Siege Tank x2  
  85  9:04  Marine  
  85  9:06  Supply Depot  
  85  9:07  Supply Depot  
  85  9:08  Supply Depot  
  86  9:11  Combat Shield, Supply Depot  
  86  9:15  Supply Depot  
  86  9:24  Concussive Shells  
  86  9:28  SCV x2, Medivac x2, Marine x3  
  86  9:29  Marauder  
  97  9:40  SCV  
  98  9:49  Marauder, Marine x5  
  98  9:50  Marine  
  106  9:59  Command Center  
  106  10:05  Viking x2  
  110  10:11  SCV  
  110  10:13  Refinery  
  111  10:18  Refinery  
  111  10:34  Viking  
  113  10:36  SCV  
  113  10:37  SCV  
  93  11:37  Viking x2  
  97  11:42  Terran Ship Weapons Level 1  
  97  11:43  Terran Infantry Weapons Level 2  
  97  11:48  Terran Infantry Armor Level 2  
  97  11:52  Orbital Command  
  97  11:53  SCV  
  97  11:54  SCV  
  95  12:02  Marauder x2, Marine x6  
  95  12:06  SCV x2, Viking  
  95  12:07  Viking  
  111  12:18  SCV x2, Starport  
  111  12:19  Marine x2  
  111  12:20  Marine x2  
  117  12:30  SCV x2  
  117  12:34  Armory, SCV, Command Center  
  117  12:36  Viking  
  122  12:37  Viking, Marine  
  122  12:38  Marine x2  
  122  12:39  Marauder x2, Marine x2  
  122  12:42  SCV x2  
  135  12:46  SCV  
  136  12:54  SCV x2, Marine  
  136  12:55  Marine x2  
  141  13:04  Supply Depot x2  
  141  13:05  Supply Depot  
  141  13:06  Supply Depot x3  
  141  13:08  Supply Depot  
  141  13:26  Marauder x2, Marine x3  
  148  13:32  Liberator x2  
  148  13:39  Marine x3  
  149  13:43  Marine x3  
  149  13:47  Starport Tech Lab  
  149  13:48  Marauder x2  
  162  13:56  Marine  
  162  13:57  Marine x2  
  162  13:58  SCV x2  
  162  14:01  Refinery, Marine  
  168  14:02  Refinery  
  168  14:04  Planetary Fortress  
  168  14:09  Marauder  
  170  14:15  Liberator x2  
Tags
 
League
Platinum
Matchup
TvT
Race
Terran
Replay Pack
r1
Spawn Locations
Cross Positions
Add a new tag
Caveats
  • Supply blocks, unpowered buildings, or Contaminate may cause inaccurate times.
  • Supply counts are checked every 10 seconds.